 Dungeon Crawl Stone Soup version 0.26-a0-670-g578ab304f5 (webtiles) character file.

Game seed: 1799309330188723779

39307 ANON1729 the Fighter (level 14, 0/105 HPs)
             Began as an Octopode Chaos Knight on Oct 19, 2020.
             Was a Plaything of Xom.
             Slain by a black mamba (4 damage)
             ... while petrified by you
             ... on level 5 of the Lair of Beasts.
             The game lasted 00:51:37 (17016 turns).

ANON1729 the Fighter (Octopode Chaos Knight)       Turns: 17016, Time: 00:51:38

Health: 0/105      AC: 17    Str: 16    XL:     14   Next: 6%
Magic:  20/20      EV:  2    Int: 12    God:    Xom [*.....]
Gold:   753        SH:  0    Dex: 12    Spells: 15/21 levels left

rFire    + + .     SeeInvis +   p - +7 Screaming Sword {vorpal, sonic wave}
rCold    . . .     Faith    .   (no shield)
rNeg     + + +     Spirit   .   C - +2 hat {SInv}
rPois    ∞         Reflect  .   (no amulet)
rElec    .         Harm     .   j - +4 ring of protection
rCorr    .         Rampage  .   u - +4 ring of protection
MR       ++...                  K - ring of protection from fire
Stlth    ++........             O - ring of protection from magic
HPRegen  0.27/turn              (no ring)
MPRegen  0.17/turn              X - ring of flight
                                Y - ring "Buwaekh" {rPois rF+ AC+4 Int-2}
                                (no ring)

@: petrified
A: almost no armour, stealthy swim, amphibious, 8 rings, constrict 8, antennae
1, rugged brown scales 1, camouflage 1, deterioration 1, poison resistance,
shaggy fur 1, gelatinous body 1
a: Renounce Religion, Evoke Flight


You were on level 5 of the Lair of Beasts.
You worshipped Xom.
You were a special plaything of Xom.
You visited 2 branches of the dungeon, and saw 15 of its levels.
You also visited: Sewer.

You collected 1104 gold pieces.
You spent 351 gold pieces at shops.

Inventory:

Hand Weapons
 a - a +0 falchion of chaos
 f - a +3 scimitar of holy wrath
 p - the +7 Screaming Sword (weapon) {vorpal, sonic wave}
   (You found it on level 7 of the Dungeon)

   It inflicts extra damage upon your enemies.
 B - the +7 mace of Variability {chain chaos}
   (You found it on level 7 of the Dungeon)

   Each time it hits an enemy it has a different, random effect.
 R - a +1 dagger of venom
Armour
 C - a +2 hat of see invisible (worn)
Jewellery
 j - a +4 ring of protection (left tentacle)
 u - a +4 ring of protection (right tentacle)
 K - a ring of protection from fire (on tentacle)
 O - a ring of protection from magic (on tentacle)
 X - a ring of flight (on tentacle)
 Y - the ring "Buwaekh" (on tentacle) {rPois rF+ AC+4 Int-2}
   (You found it on level 4 of the Lair of Beasts)

   [ring of protection]

   It affects your AC (+4).
   It affects your intelligence (-2).
   It protects you from fire.
   It protects you from poison.
Wands
 r - a wand of paralysis (9)
 y - a wand of enslavement (13)
 E - a wand of acid (1)
 F - a wand of random effects (57)
 J - a wand of digging (6)
 S - a wand of polymorph (13)
 T - a wand of flame (17)
Scrolls
 b - 2 scrolls of fear
 c - 4 scrolls of teleportation
 e - 4 scrolls of fog
 g - 8 scrolls of remove curse
 i - a scroll of immolation
 k - 2 scrolls of enchant armour
 m - 3 scrolls of enchant weapon
 o - 3 scrolls of amnesia
 s - 3 scrolls of magic mapping
 x - 3 scrolls of holy word
 W - a scroll of summoning {unknown}
 Z - a scroll of vulnerability {unknown}
Potions
 d - 2 potions of magic
 h - 4 potions of ambrosia
 n - 5 potions of curing
 q - 3 potions of stabbing
 t - 2 potions of heal wounds
 v - a potion of cancellation
 w - 4 potions of brilliance
 z - 3 potions of invisibility
 A - a potion of lignification
 G - 5 potions of haste
 H - 3 potions of might
 M - 2 potions of flight
 P - 2 potions of resistance
Miscellaneous
 D - a lightning rod (2/4)
 N - a box of beasts (inert)
 Q - a condenser vane (1/2)


   Skills:
 + Level 11.8 Fighting
 + Level 11.8 Long Blades
 + Level 11.6 Dodging
 - Level 4.0 Spellcasting
 + Level 3.6 Transmutations
 + Level 6.8 Earth Magic
 + Level 10.9 Evocations


You had 15 spell levels left.
You knew the following spells:

 Your Spells              Type           Power        Failure   Level
a - Borgnjor's Vile Clut  Necr/Erth      ##........   83%         5
b - Sting                 Tmut/Pois      #...         11%         1

Your spell library contained the following spells:

 Spells                   Type           Power        Failure   Level
 Animate Skeleton         Necr           #.....       22%         1
 Apportation              Tloc           #.....       22%         1
 Corona                   Hex            #......      22%         1
 Summon Small Mammal      Summ           #...         22%         1
 Ensorcelled Hibernation  Hex/Ice        #.....       32%         2
 Poisonous Vapours        Pois/Air       #.....       32%         2
 Ignite Poison            Fire/Tmut/Pois #.......     38%         3
 Mephitic Cloud           Conj/Pois/Air  #.......     54%         3
 Olgreb's Toxic Radiance  Pois           #.......     91%         4
 Silence                  Hex/Air        #.........   99%         5
 Shadow Creatures         Summ           N/A          100%        6


Dungeon Overview and Level Annotations

Branches:
Dungeon (11/15)            Temple (0/1) D:4            Lair (5/6) D:11
  Swamp (0/4) Lair:3       Spider (0/4) Lair:4          Orc (0/2) D:11
  Sewer (visited)
  Slime: Lair:5-6

Altars:
Ashenzari
Cheibriados
Dithmenos
Elyvilon
Fedhas
Gozag
Hepliaklqana
Kikubaaqudgha
Sif Muna
Vehumet
Wu Jian
Xom
Yredelemnul
Zin
Beogh

Shops:
D:6 *   D:10 [![[*

Annotations:
D:10 Urug


Innate Abilities, Weirdness & Mutations

You cannot wear most types of armour.
You are very stealthy in the water. (Stealth+)
You are amphibious.
You can wear up to eight rings at the same time.
You can use your tentacles to constrict eight enemies at once.
Your skin changes colour to match your surroundings (Stealth+).
Your rubbery body absorbs attacks. (AC +1, EV +1)
You have a pair of small antennae on your head.
You are partially covered in rugged brown scales. (AC +1, +3% HP)
Your body sometimes deteriorates upon taking damage.
Your system is resistant to poisons. (rPois)
You are covered in fur. (AC +1)


Message History

* * * LOW HITPOINT WARNING * * *
The black mamba bites you!
* * * LOW HITPOINT WARNING * * *
The water moccasin bites you.
* * * LOW HITPOINT WARNING * * *
The black mamba bites you!
* * * LOW HITPOINT WARNING * * *
The black mamba bites you but does no damage.
The water moccasin bites you but does no damage.
The cane toad gives a loud, deep croak!
You hear a trumpeting!
The black mamba bites you!
* * * LOW HITPOINT WARNING * * *
The water moccasin bites you but does no damage.
The black mamba bites you.
* * * LOW HITPOINT WARNING * * *
You hear a trumpeting!
You hear a trumpeting!
The black mamba bites you!
You die...
Xom is highly amused!

. .. ## ...
##.#### ....
#..... .....
#...S#......
#.S@.#
#.P...##
#......##
..###.. .
#+. .. .F
...


You could see a black mamba, a cane toad and a water moccasin.

Vanquished Creatures
  2 entropy weavers (Lair:4)
  Josephine (D:11)
  A boulder beetle (D:11)
  4 hydras
  3 two-headed ogres
  A catoblepas (Lair:3)
  A queen ant (Lair:4)
  3 death yaks (D:11)
  A fire crab (Lair:5)
  A lindwurm (Lair:2)
  An ugly thing (D:11)
  A cyclops (D:11)
  A manticore (D:6)
  A torpor snail (Lair:2)
  Maurice (D:11)
  Maggie (D:10)
  8 cane toads
  A cane toad (shapeshifter) (D:5)
  Psyche (D:10)
  A rime drake (Lair:3)
  3 komodo dragons
  A troll (D:11)
  4 polar bears
  A raiju (Lair:2)
  16 blink frogs
  A hornet (Lair:4)
  3 dream sheep (Lair:2)
  Sigmund (D:4)
  A wyvern (Lair:2)
  4 wraiths (D:11)
  2 basilisks
  30 yaks
  Eustachio (D:4)
  A human (D:7)
  Grum (D:10)
  10 soldier ants (Lair:4)
  5 water moccasins
  Duvessa (D:4)
  A floating eye (shapeshifter) (D:5)
  2 black bears (D:9)
  2 sky beasts
  4 ice beasts
  An eye of draining (D:11)
  2 orc warriors
  Purgy (Sewer)
  3 necrophages
  9 ogres
  9 wolves
  8 centaurs
  A big kobold (D:9)
  Blork the orc (D:5)
  12 bullfrogs
  A gnoll sergeant (D:10)
  A wyvern zombie (D:7)
  5 scorpions
  4 killer bees
  8 wights
  2 howler monkeys
  4 electric eels
  9 orc priests
  11 hounds
  A jelly (D:9)
  6 gnoll shamans (D:9)
  2 centaur skeletons
  2 centaur zombies
  Jessica (D:2)
  3 bullfrog skeletons
  An iguana (D:5)
  13 orc wizards
  2 hell rats (Lair:3)
  28 worker ants
  A killer bee zombie (D:7)
  2 hound zombies
  2 hound skeletons
  2 worker ant zombies
  Robin (D:4)
  12 gnolls
  11 adders
  9 river rats (Lair:3)
  3 shadow imps
  5 white imps
  2 adder skeletons
  2 adder zombies (D:7)
  3 worms
  A dart slug (D:1)
  8 leopard geckos
  39 orcs
  7 bats
  4 giant cockroaches
  8 goblins
  9 hobgoblins
  15 jackals
  9 kobolds
  5 quokkas
  A ball python (D:5)
  6 frilled lizards
  11 rats
459 creatures vanquished.

Vanquished Creatures (collateral kills)
  An ettin (Lair:4)
  A komodo dragon (D:10)
  2 blink frogs (Lair:2)
  A centaur (D:7)
  A killer bee (D:7)
  A giant cockroach (D:4)
7 creatures vanquished.

Vanquished Creatures (others)
  An ice beast (D:5)
  A human (D:4)
  Dowan (D:4)
  2 orcs
  48 fungi
  88 plants
141 creatures vanquished.

Grand Total: 607 creatures vanquished

Notes
Turn   | Place    | Note
-------+----------+-------------------------------------------
     0 | D:1      | ANON1729 the Octopode Chaos Knight began the quest for the
                  | Orb.
     0 | D:1      | Reached XP level 1. HP: 16/16 MP: 1/1
    23 | D:1      | Reached XP level 2. HP: 16/21 MP: 2/2
   148 | D:1      | XOM: butterfly on damage
   154 | D:1      | XOM: divination: magic mapping
   426 | D:1      | XOM: silly message
   461 | D:1      | Reached XP level 3. HP: 24/26 MP: 3/3
   553 | D:1      | XOM: noise
   993 | D:2      | Noticed Jessica
   995 | D:2      | XOM: butterfly on damage
   997 | D:2      | XOM: butterfly on damage
   998 | D:2      | Killed Jessica
   998 | D:2      | Reached XP level 4. HP: 7/33 MP: 4/4
  1235 | D:2      | Found a blossoming altar of Fedhas.
  1610 | D:2      | XOM: cloud trail
  1637 | D:2      | XOM: scenery: 1 doors open, 2 doors close
  1661 | D:2      | You fall into a shaft and drop 2 floors!
  1662 | D:4      | Noticed Sigmund
  1679 | D:4      | Reached XP level 5. HP: 37/37 MP: 5/5
  1683 | D:4      | Killed Sigmund
  1683 | D:4      | Reached XP level 6. HP: 44/44 MP: 6/6
  1688 | D:4      | XOM: summons friendly quasit
  1765 | D:4      | Noticed Eustachio
  1773 | D:4      | Killed Eustachio
  1773 | D:4      | Reached skill level 5 in Fighting
  1773 | D:4      | Reached skill level 5 in Long Blades
  1773 | D:4      | Reached XP level 7. HP: 50/50 MP: 7/7
  1777 | D:4      | Found a staircase to the Ecumenical Temple.
  1839 | D:4      | Noticed Duvessa
  1839 | D:4      | Noticed Dowan
  1846 | D:4      | Killed Dowan
  1846 | D:4      | XOM: divine lightning
  1848 | D:4      | XOM: confuse monster(s)
  1869 | D:4      | Killed Duvessa
  1869 | D:4      | Reached skill level 5 in Dodging
  1908 | D:4      | XOM: confusion (+ monsters)
  2032 | D:4      | Found an ancient bone altar of Kikubaaqudgha.
  2065 | D:4      | Found a snail-covered altar of Cheibriados.
  2068 | D:4      | Found a glowing silver altar of Zin.
  2068 | D:4      | Found an ornate altar of the Wu Jian Council.
  2224 | D:4      | Noticed Robin
  2231 | D:4      | Killed Robin
  2295 | D:4      | Found a broken altar of Ashenzari.
  2296 | D:4      | Found a radiant altar of Vehumet.
  2297 | D:4      | Found an ancient bone altar of Kikubaaqudgha.
  2575 | D:4      | Noticed a human
  2576 | D:4      | Killed a human
  2612 | D:5      | Entered Level 5 of the Dungeon
  2731 | D:5      | Noticed a glowing shapeshifter
  2731 | D:5      | a quokka changed into a glowing shapeshifter
  2731 | D:5      | a glowing shapeshifter changed into a floating eye
  2753 | D:5      | Reached XP level 8. HP: 56/57 MP: 8/8
  2806 | D:5      | Noticed Blork the orc
  2815 | D:5      | Killed Blork the orc
  2929 | D:5      | XOM: 7-stop teleportation journey
  3017 | D:5      | Noticed a shapeshifter
  3017 | D:5      | a jelly changed into a shapeshifter
  3017 | D:5      | Noticed a cane toad
  3017 | D:5      | a shapeshifter changed into a cane toad
  3027 | D:5      | Killed a cane toad
  3202 | D:5      | XOM: god gift: knobbly glowing staff {god gift}
  3222 | D:5      | XOM: scenery: create altars
  3435 | D:5      | XOM: enchant monster (good)
  3473 | D:5      | Reached skill level 1 in Evocations
  3473 | D:5      | XOM: destruction
  3793 | D:6      | XOM: fog
  3898 | D:6      | XOM: summons friendly crimson imp
  3956 | D:6      | Reached XP level 9. HP: 15/63 MP: 9/9
  4107 | D:6      | XOM: fake destruction
  4109 | D:6      | XOM: silly message
  4173 | D:6      | XOM: give mutations
  4173 | D:6      | Gained mutation: Scrolls take you a little longer to read.
                  | [Xom's mischief]
  4173 | D:6      | Gained mutation: Scrolls take you longer to read. [Xom's
                  | mischief]
  4173 | D:6      | Gained mutation: You are dopey. (Int -2) [Xom's mischief]
  4173 | D:6      | Gained mutation: You occasionally shout uncontrollably at
                  | your foes. [Xom's mischief]
  4229 | D:6      | Found Wuimirywn's General Store.
  4257 | D:6      | Bought a potion of heal wounds for 60 gold pieces
  4257 | D:6      | Bought a potion of curing for 36 gold pieces
  4309 | D:6      | Found a glowing drain.
  4313 | Sewer    | Entered a sewer
  4389 | Sewer    | Noticed Purgy
  4392 | Sewer    | XOM: summons 2 hostile shadow creatures
  4398 | Sewer    | Killed Purgy
  4765 | D:6      | Noticed a manticore
  4765 | D:6      | XOM: 4-stop teleportation journey
  4768 | D:6      | XOM: 1-stop teleportation journey
  4789 | D:6      | Found a basalt altar of Yredelemnul.
  4828 | D:6      | Killed a manticore
  4924 | D:6      | XOM: 8-stop teleportation journey
  5450 | D:7      | Noticed a two-headed ogre
  5494 | D:6      | XOM: give mutations
  5494 | D:6      | Gained mutation: You are resistant to hostile enchantments.
                  | (MR+) [Xom's grace]
  5494 | D:6      | Gained mutation: Your muscles are strong. (Str +2) [Xom's
                  | grace]
  5494 | D:6      | Lost mutation: You are dopey. (Int -2) [Xom's grace]
  5558 | D:7      | XOM: butterfly on damage
  5797 | D:7      | Found the +7 mace of Variability {chain chaos}
  5797 | D:7      | Noticed a two-headed ogre
  5798 | D:7      | Found the +7 Singing Sword {vorpal, sonic wave}
  5991 | D:7      | XOM: scenery: create altars
  5992 | D:7      | XOM: confusion
  5993 | D:7      | XOM: summons 4 friendly demons
  6014 | D:7      | Killed a two-headed ogre
  6014 | D:7      | Reached skill level 5 in Evocations
  6014 | D:7      | Reached XP level 10. HP: 72/72 MP: 10/10
  6040 | D:7      | Found a white marble altar of Elyvilon.
  6074 | D:7      | Found a blossoming altar of Fedhas.
  6150 | D:7      | XOM: scenery: create altars
  6157 | D:7      | XOM: confuse monster(s)
  6181 | D:7      | XOM: scenery: summon butterflies
  6189 | D:7      | XOM: summons 4 hostile shadow creatures
  6273 | D:7      | XOM: 2-stop teleportation journey
  6294 | D:6      | XOM: summons 3 hostile shadow creatures
  6381 | D:7      | Found a shimmering altar of Xom.
  6521 | D:7      | Found a glowing silver altar of Zin.
  6522 | D:7      | Found a shimmering blue altar of Sif Muna.
  6550 | D:7      | Noticed a boulder beetle
  6566 | D:7      | XOM: divine lightning
  6661 | D:6      | XOM: draining
  6731 | D:7      | XOM: swap monsters
  6982 | D:6      | Lost mutation: Scrolls take you longer to read. [potion of
                  | mutation]
  6982 | D:6      | Lost mutation: Scrolls take you a little longer to read.
                  | [potion of mutation]
  6982 | D:6      | Lost mutation: You occasionally shout uncontrollably at
                  | your foes. [potion of mutation]
  6982 | D:6      | Lost mutation: You are resistant to hostile enchantments.
                  | (MR+) [potion of mutation]
  6982 | D:6      | Gained mutation: You expend magic power (3 MP) to
                  | strengthen your wands. [potion of mutation]
  6982 | D:6      | Lost mutation: You expend magic power (3 MP) to strengthen
                  | your wands. [potion of mutation]
  6982 | D:6      | Gained mutation: Your skin blends seamlessly with your
                  | surroundings (Stealth++). [potion of mutation]
  6982 | D:6      | Gained mutation: You are agile. (Dex +2) [potion of
                  | mutation]
  6996 | D:7      | XOM: repel stairs
  7294 | D:7      | Noticed a purple ugly thing
  7295 | D:7      | XOM: cleaving
  7739 | D:8      | Noticed a two-headed ogre
  7743 | D:8      | Killed a two-headed ogre
  7759 | D:8      | XOM: scenery: create altars
  7769 | D:8      | Found a shadowy altar of Dithmenos.
  7905 | D:8      | XOM: cast spell 'Leda's Liquefaction'
  8721 | D:9      | Found a hazy altar of Hepliaklqana.
  8809 | D:9      | Noticed a four-headed hydra
  8879 | D:9      | Reached XP level 11. HP: 78/80 MP: 11/11
  8898 | D:9      | XOM: divination: detect creatures
  8905 | D:9      | XOM: summons 5 friendly demons
  8919 | D:9      | Killed a four-headed hydra
  9064 | D:9      | Found a shimmering altar of Xom.
  9222 | D:9      | XOM: scenery: 1 doors open, 2 doors close
  9551 | D:9      | XOM: 6-stop teleportation journey
  9705 | D:9      | XOM: god gift: thick smoking staff {god gift}
  9716 | D:9      | XOM: give mutations
  9716 | D:9      | Gained mutation: You expend magic power (3 MP) to
                  | strengthen your wands. [Xom's grace]
  9716 | D:9      | Gained mutation: Your spells are a little harder to cast,
                  | but a little more powerful. [Xom's grace]
  9716 | D:9      | Gained mutation: Your system is resistant to poisons.
                  | (rPois) [Xom's grace]
  9716 | D:9      | Gained mutation: Your natural rate of healing is unusually
                  | fast. [Xom's grace]
  9967 | D:9      | XOM: give mutations
  9967 | D:9      | Lost mutation: You are agile. (Dex +2) [Xom's mischief]
  9967 | D:9      | Lost mutation: Your muscles are strong. (Str +2) [Xom's
                  | mischief]
  9990 | D:9      | XOM: stat loss: -1 Dex (11/12)
 10014 | D:10     | Entered Level 10 of the Dungeon
 10017 | D:10     | Noticed Psyche
 10024 | D:10     | Killed Psyche
 10059 | D:10     | Noticed Grum
 10066 | D:10     | Killed Grum
 10080 | D:10     | XOM: cast spell 'Summon Mana Viper'
 10186 | D:10     | Noticed Maggie
 10190 | D:10     | XOM: scenery: summon butterflies
 10196 | D:10     | Killed Maggie
 10327 | D:10     | Noticed Urug
 10334 | D:10     | XOM: scenery: create altars
 10337 | D:10     | Learned a level 5 spell: Borgnjor's Vile Clutch
 10581 | D:10     | Found Kokh's Antique Armour Shoppe.
 10588 | D:10     | Found Cuqerim's Assorted Antiques.
 10596 | D:10     | Bought a scroll labeled BEHIKKOUZXO for 31 gold pieces
 10637 | D:10     | XOM: divination: detect items
 10774 | D:10     | Found Mofouvud's Antique Armour Shop.
 10833 | D:10     | Found Plog's Distillery.
 10839 | D:10     | Bought a potion of might for 64 gold pieces
 10839 | D:10     | Bought a potion of resistance for 160 gold pieces
 10841 | D:10     | Found Nigaohi's Armour Boutique.
 10945 | D:11     | Found a staircase to the Orcish Mines.
 10954 | D:11     | Found a staircase to the Lair.
 10954 | D:11     | XOM: 6-stop teleportation journey
 10984 | D:11     | Noticed a cyclops
 10986 | D:11     | XOM: cast spell 'Olgreb's Toxic Radiance'
 10987 | D:11     | Noticed a cyan ugly thing
 11001 | D:11     | Killed a cyclops
 11001 | D:11     | Reached skill level 10 in Fighting
 11001 | D:11     | Reached skill level 10 in Long Blades
 11002 | D:11     | Killed a cyan ugly thing
 11002 | D:11     | Reached skill level 1 in Spellcasting
 11002 | D:11     | Reached skill level 1 in Earth Magic
 11061 | D:11     | XOM: cleaving
 11113 | D:11     | XOM: summons 10 friendly demons
 11177 | D:11     | Noticed a death yak
 11184 | D:11     | XOM: cleaving
 11196 | D:11     | Killed a death yak
 11224 | D:11     | Noticed Josephine
 11267 | D:11     | XOM: noise
 11269 | D:11     | Reached skill level 10 in Dodging
 11270 | D:11     | XOM: cast spell 'Alistair's Intoxication'
 11271 | D:11     | XOM: cast spell 'Summon Ice Beast'
 11273 | D:11     | Killed Josephine
 11273 | D:11     | Reached XP level 12. HP: 56/87 MP: 13/15
 11359 | D:11     | Noticed a two-headed ogre
 11377 | D:11     | Killed a two-headed ogre
 11396 | D:11     | XOM: cloud trail
 11412 | D:11     | XOM: silly message
 11471 | D:11     | Noticed a death yak
 11472 | D:11     | Noticed a death yak
 11474 | D:11     | Found a roughly hewn altar of Beogh.
 11487 | D:11     | Killed a death yak
 11490 | D:11     | XOM: cast spell 'Summon Small Mammal'
 11492 | D:11     | Killed a death yak
 11505 | D:11     | XOM: scenery: 1 doors open
 11757 | D:11     | Noticed Maurice
 11761 | D:11     | Killed Maurice
 11769 | D:11     | Noticed a boulder beetle
 11785 | D:11     | XOM: scenery: 2 doors close
 11857 | D:11     | XOM: destruction
 11861 | D:11     | Killed a boulder beetle
 12029 | D:11     | XOM: give mutations
 12029 | D:11     | Gained mutation: Your flesh is cold resistant. (rC+) [Xom's
                  | grace]
 12029 | D:11     | Gained mutation: You possess an exceptional clarity of
                  | mind. [Xom's grace]
 12029 | D:11     | Gained mutation: Your muscles are strong. (Str +2) [Xom's
                  | grace]
 12110 | D:11     | XOM is BORED!
 12234 | Lair:1   | Entered Level 1 of the Lair of Beasts
 12235 | Lair:1   | Noticed a five-headed hydra
 12243 | Lair:1   | Killed a five-headed hydra
 12391 | Lair:1   | XOM: scenery: create altars
 12441 | Lair:1   | XOM: summons friendly shadow imp
 12545 | Lair:1   | XOM: god gift: potion of curing
 12747 | Lair:1   | XOM: give mutations
 12747 | Lair:1   | Gained mutation: You have a pair of small antennae on your
                  | head. [Xom's grace]
 12747 | Lair:1   | Gained mutation: You are covered in fur. (AC +1) [Xom's
                  | grace]
 12747 | Lair:1   | Gained mutation: You are partially covered in rugged brown
                  | scales. (AC +1, +3% HP) [Xom's grace]
 12856 | Lair:2   | Noticed a seven-headed hydra
 12863 | Lair:2   | XOM: summons 2 friendly demons
 12866 | Lair:2   | Killed a seven-headed hydra
 12953 | Lair:2   | XOM: summons friendly white imp
 12954 | Lair:2   | XOM: enchant monster (good)
 12976 | Lair:2   | XOM: polymorph cane toad -> raiju
 13045 | Lair:2   | XOM: blink monster(s)
 13052 | Lair:2   | XOM: summons 2 hostile shadow creatures
 13054 | Lair:2   | Reached XP level 13. HP: 96/97 MP: 19/19
 13103 | Lair:2   | XOM: confuse monster(s)
 13111 | Lair:2   | Reached skill level 5 in Earth Magic
 13213 | Lair:2   | XOM: give mutations
 13213 | Lair:2   | Lost mutation: Your flesh is cold resistant. (rC+) [Xom's
                  | mischief]
 13213 | Lair:2   | Lost mutation: You possess an exceptional clarity of mind.
                  | [Xom's mischief]
 13213 | Lair:2   | Gained mutation: Scrolls take you a little longer to read.
                  | [Xom's mischief]
 13213 | Lair:2   | Lost mutation: Scrolls take you a little longer to read.
                  | [Xom's mischief]
 13272 | Lair:2   | Reached skill level 10 in Evocations
 13293 | Lair:2   | XOM: summons 1 hostile demon
 13753 | Lair:3   | Learned a level 1 spell: Sting
 13847 | Lair:3   | XOM is BORED!
 13847 | Lair:3   | XOM: summons 1 hostile demon
 13858 | Lair:3   | Found a staircase to the Swamp.
 13878 | Lair:3   | XOM: give mutations
 13878 | Lair:3   | Lost mutation: Your spells are a little harder to cast, but
                  | a little more powerful. [Xom's mischief]
 13878 | Lair:3   | Lost mutation: Your muscles are strong. (Str +2) [Xom's
                  | mischief]
 13878 | Lair:3   | Lost mutation: You expend magic power (3 MP) to strengthen
                  | your wands. [Xom's mischief]
 13878 | Lair:3   | Lost mutation: Your natural rate of healing is unusually
                  | fast. [Xom's mischief]
 14016 | Lair:3   | Reached skill level 1 in Transmutations
 14661 | Lair:4   | Found a hole to the Spider Nest.
 14663 | Lair:4   | XOM: give mutations
 14663 | Lair:4   | Gained mutation: Your body sometimes deteriorates upon
                  | taking damage. [Xom's mischief]
 14663 | Lair:4   | Lost mutation: Your skin blends seamlessly with your
                  | surroundings (Stealth++). [Xom's mischief]
 15387 | Lair:4   | Noticed an ettin
 15387 | Lair:4   | a four-headed hydra changed into an ettin
 15388 | Lair:4   | XOM: chaos cloud
 15765 | Lair:4   | Noticed an entropy weaver
 15765 | Lair:4   | Noticed an entropy weaver
 15768 | Lair:4   | Killed an entropy weaver
 15771 | Lair:4   | Killed an entropy weaver
 16106 | Lair:4   | Killed an ettin
 16166 | Lair:4   | Found an opulent altar of Gozag.
 16170 | Lair:4   | Got an ancient pewter ring
 16330 | Lair:4   | Identified the ring "Buwaekh" {rPois rF+ AC+4 Int-2} (You
                  | found it on level 4 of the Lair of Beasts)
 16462 | Lair:5   | Identified a scroll of acquirement
 16502 | Lair:5   | Reached XP level 14. HP: 80/105 MP: 20/20
 16670 | Lair:5   | Acquired a +2 hat of see invisible
 16743 | Lair:5   | XOM: swap monsters
 17005 | Lair:5   | XOM: chaos cloud
 17015 | Lair:5   | HP: 4/105 [black mamba (2)]
 17016 | Lair:5   | Slain by a black mamba

Illustrated notes

Levels and vault maps discovered:
D:1:      dpeg_arrival_tiny_a, layout_loops_ring, dk_noncrumbling_3
D:2:      layout_loops_corners, old_standard_altar, uniq_jessica
D:4:      layout_loops_ring, grunt_temple_overflow_open,
          gammafunk_temple_overflow_claw, minmay_temple_entry_waves,
          tgw_kikubaaqudgha, uniq_eustachio, uniq_duvessa, uniq_sigmund,
          uniq_robin
D:5:      minmay_opposing_rooms, layout_rooms, uniq_blork_the_orc
D:6:      layout_loops_corners, yredelemnul_altar_generic,
          gup_sewer_entry_spiral, serial_shops, shop, serial_bayou,
          serial_bayou_crossing, serial_bayou_shore_b, serial_bayou_lake_a,
          serial_bayou_shore_b
D:7:      minmay_the_grid_octo_tiled_squarecenter
          [minmay_the_grid_octo_checkerflower, minmay_the_grid_octo_clover,
          minmay_the_grid_octo_shrine, minmay_the_grid_octo_odd_swirl,
          minmay_the_grid_square_5x5_megaprize_diamond,
          minmay_the_grid_square_5x5_misaligned,
          minmay_the_grid_square_5x5_three_walls,
          minmay_the_grid_square_5x5_dogpile,
          minmay_the_grid_square_5x5_shrine1], layout_cave_pools, serial_shops,
          shop, shop, fedhas_ov_isle_minmay
D:8:      layout_loops_ring, lemuel_doored_altar, minmay_crossroads
D:9:      kennysheep_seaside_town, layout_rooms, old_standard_altar,
          basic_altar, serial_glass, glass_columns_a, glass_columns_b,
          serial_bayou_pond_d, serial_bayou_pond_c
D:10:     layout_basic, serial_shops, shop_statue, nicolae_shop_stone, shop,
          shop, shop, uniq_grum, uniq_psyche, uniq_urug, uniq_maggie
D:11:     layout_irregular_city, dpeg_lair_monsters,
          minmay_orc_entry_temple_small, minivault_24, uniq_josephine,
          uniq_maurice
Lair:1:   layout_loops_ring
Lair:2:   layout_chaotic_city
Lair:3:   layout_gridlike, swamp_mist_pool, kennysheep_rathole
Lair:4:   layout_loops_ring, nicolae_spider_entry_non_spiders, basic_altar,
          minmay_another_anthill
Lair:5:   layout_regular_city, dpeg_slime_entry_enclosed_altar,
          chequers_serial_rivers_large_a, nzn_random_ring

Skill      XL: |  1  2  3  4  5  6  7  8  9 10 11 12 13 |
---------------+----------------------------------------+-----
Dodging        | 3 4 5 6 7 9 10 11 | 11.6
Fighting       | 4 5 6 8 9 10 11 | 11.8
Long Blades    | 4 5 6 8 9 10 11 | 11.8
Evocations     | 2 5 6 8 9 10 | 10.9
Spellcasting   | 2 4 |  4.0
Earth Magic    | 2 4 6 |  6.8
Transmutations | 3 |  3.6

Action                   |  1- 3 |  4- 6 |  7- 9 | 10-12 | 13-15 || total
-------------------------+-------+-------+-------+-------+-------++-------
Melee: Falchion          |    55 |    54 |   264 |    39 |       ||   412
       Constrict         |    18 |    17 |    51 |    69 |    33 ||   188
       Tentacles         |    11 |     8 |    55 |    70 |    28 ||   172
       Double sword      |       |       |       |   274 |   170 ||   444
       Great mace        |       |       |       |    11 |     6 ||    17
       Scimitar          |       |       |       |     4 |       ||     4
Evoke: Wand              |       |       |    10 |    18 |     2 ||    30
       Lightning rod     |       |       |       |     1 |     4 ||     5
       Box of beasts     |       |       |       |     2 |     3 ||     5
       Condenser vane    |       |       |       |       |     1 ||     1
  Use: Potion            |       |       |     3 |     1 |       ||     4
       Scroll            |       |       |       |    19 |    12 ||    31
 Stab: Sleeping          |     4 |     2 |     9 |     6 |     2 ||    23
       Paralysed         |       |     2 |    25 |     7 |       ||    34
       Confused          |       |       |     1 |     1 |     1 ||     3
       Distracted        |       |       |     1 |     1 |       ||     2
Armor: Skin              |    14 |    12 |    60 |    57 |    61 ||   204
Dodge: Dodged            |    36 |    35 |   163 |   259 |   145 ||   638
       Rpst.: Falchion   |    10 |    13 |    33 |    11 |       ||    67
       Double sword      |       |       |       |    47 |    39 ||    86

Table legend: (Time is in decaauts)
 A = Elapsed time spent in this place.
 B = Non-inter-level travel time spent in this place.
 C = Inter-level travel time spent in this place.
 D = Time resting spent in this place.
 E = Time spent auto-exploring this place.
 F = Levels seen in this place.
 G = Mean time per level.
                   A        B        C        D        E       F      G
               +--------+--------+--------+--------+--------+-----+--------+
         Total |  17048 |  16284 |    764 |   3742 |   8963 |  16 | 1065.5 |
       Dungeon |  12109 |  11450 |    659 |   2606 |   6034 |  10 | 1210.9 |
          Lair |   4777 |   4673 |    104 |   1136 |   2819 |   5 |  955.4 |
         Sewer |    161 |    161 |      0 |      0 |    110 |   1 |  161.0 |
               +--------+--------+--------+--------+--------+-----+--------+

Top non-repeatable levels by time:
     D:6: 2507 daAuts
  Lair:4: 1727 daAuts
     D:9: 1440 daAuts
  Lair:3: 1347 daAuts
    D:11: 1296 daAuts
     D:7: 1247 daAuts
     D:8: 1137 daAuts
     D:4: 964 daAuts
    D:10: 927 daAuts
     D:5: 916 daAuts
     D:2: 903 daAuts
  Lair:2: 801 daAuts
     D:1: 768 daAuts
  Lair:1: 593 daAuts
  Lair:5: 308 daAuts
